 Dungeon Crawl Stone Soup version 0.18-a0-1267-gff090c1 (webtiles) character file.

258 RedPan the Blocker (level 6, -5/47 HPs)
             Began as a Formicid Fighter on Feb 7, 2016.
             Killed by divine providence
             ... invoked by an orc priest
              (10 damage)
             ... on level 4 of the Dungeon.
             The game lasted 00:04:40 (2737 turns).

RedPan the Blocker (Formicid Fighter)               Turns: 2737, Time: 00:04:40

Health: -5/47      AC: 10    Str: 23    XL:     6   Next: 40%
Magic:  6/6        EV:  9    Int:  7    God:
Gold:   183        SH: 11    Dex: 10    Spells: 0 memorised, 5 levels left

rFire  . . .     SeeInvis +     a - +1 flail
rCold  . . .     Gourm    .     b - +0 scale mail
rNeg   . . .     Faith    .     c - +0 shield
rPois  .         Spirit   .     (helmet unavailable)
rElec  .         Dismiss  .     (no cloak)
rCorr  .         Reflect  .     (no gloves)
SustAt .         Harm     .     l - +2 pair of boots {Stlth+}
MR     .....                    (no amulet)
Stlth  +.........               (no ring)
                                (no ring)

@: not resistant to hostile enchantments, very unstealthy
A: permanent stasis, dig shafts and tunnels, four strong arms, antennae 3
a: Dig, Shaft Self


You were on level 4 of the Dungeon.
You were very hungry.

You visited 1 branch of the dungeon, and saw 4 of its levels.

You collected 183 gold pieces.

Inventory:

Hand Weapons
 a - a +1 flail (weapon)
Armour
 b - a +0 scale mail (worn)
 c - a +0 shield (worn)
 l - a +2 pair of boots of stealth (worn)
Magical Staves
 e - an uncursed staff of energy
Scrolls
 g - 2 scrolls of identify
 m - a scroll of remove curse {unknown}
 o - 3 scrolls of amnesia
 p - a scroll of blinking {unknown}
 q - a scroll of fog {unknown}
Potions
 d - a potion of might
 h - a potion of berserk rage
 i - a potion of cancellation
 j - a potion of heal wounds {unknown}
 n - a potion of cure mutation
Comestibles
 f - 2 bread rations
 k - 2 meat rations


   Skills:
 - Level 3.2 Fighting
 - Level 2.0 Maces & Flails
 - Level 3.2 Armour
 + Level 8.1 Shields


You had 5 spell levels left.
You didn't know any spells.

Dungeon Overview and Level Annotations

Branches:
Dungeon (4/15)
 Temple: D:4-7

Altars:


Innate Abilities, Weirdness & Mutations

You are under a permanent stasis effect.
You can dig through walls and to a lower floor.
Your four strong arms can wield two-handed weapons with a shield.
You have a pair of large antennae on your head (SInv).


Message History

* * * LOW HITPOINT WARNING * * *
You are too injured to fight recklessly!
You are too injured to fight recklessly!
You are too injured to fight recklessly!
You are too injured to fight recklessly!
You are too injured to fight recklessly!
You are too injured to fight recklessly!
You are too injured to fight recklessly!
You are too injured to fight recklessly!
You are too injured to fight recklessly!
Your scale mail prevents you from hitting the orc priest.
The orc priest is almost dead.
The orc priest hits you with a hand axe.
* * * LOW HITPOINT WARNING * * *
Your scale mail prevents you from hitting the orc priest.
The orc priest is almost dead.
The orc priest hits you but does no damage.
The orc priest calls down the wrath of Beogh upon you.
Something smites you!
You die...

#.....#.#............
#####.# #............
#.# #.#.......... #.#
#.#.......... #.# #.#
#.# #+######.#
#.....o@.# ##########


You could see an orc priest.

Vanquished Creatures
  A scorpion (D:4)
  An orc priest (D:3)
  An iguana (D:4)
  A worker ant (D:4)
  A gnoll (D:1)
  5 adders
  An ooze (D:1)
  A worm (D:4)
  4 giant geckos
  6 orcs
  3 giant cockroaches
  6 goblins
  7 hobgoblins
  2 quokkas
  3 ball pythons
  7 bats
  4 giant newts
  7 kobolds
  11 rats
72 creatures vanquished.

Notes
Turn   | Place    | Note
--------------------------------------------------------------
     0 | D:1      | RedPan the Formicid Fighter began the quest for the Orb.
     0 | D:1      | Reached XP level 1. HP: 18/18 MP: 1/1
    71 | D:1      | Reached skill level 4 in Shields
    71 | D:1      | Reached XP level 2. HP: 13/24 MP: 2/2
   340 | D:1      | Reached XP level 3. HP: 19/29 MP: 3/3
   464 | D:1      | Reached skill level 5 in Shields
  1164 | D:2      | Reached XP level 4. HP: 35/35 MP: 4/4
  1432 | D:2      | Reached skill level 6 in Shields
  1737 | D:3      | Reached XP level 5. HP: 41/41 MP: 5/5
  1860 | D:3      | Reached skill level 7 in Shields
  2112 | D:3      | Found a faded altar to an unknown god.
  2542 | D:4      | Reached XP level 6. HP: 40/47 MP: 6/6
  2643 | D:4      | Reached skill level 8 in Shields
  2737 | D:4      | Killed from afar by an orc priest

Vault maps used:
D:1:      dpeg_arrival_leaves_temple_mockup
D:3:      ecumenical_altar_2
D:4:      first_bread

Action                   |  1- 3 |  4- 6 || total
-------------------------+-------+-------++-------
Melee: Flail             |    97 |   167 ||   264
  Use: Scroll            |       |     4 ||     4
       Potion            |       |     4 ||     4
  Eat: Chunk             |     1 |     4 ||     5
